 Dungeon Crawl Stone Soup version 0.24.0-37-gcf1ca852f1 (webtiles) character file.

Game seed: 17530664139271358469, levelgen mode: deterministic

67 Mesmaeker13 the Conjurer (level 3, -4/26 HPs)
             Began as a Draconian Conjurer on Nov 29, 2019.
             Killed by nerve-wracking pain
             ... invoked by Grinder
              (8 damage)
             ... on level 3 of the Dungeon.
             The game lasted 00:01:50 (1631 turns).

Mesmaeker13 the Conjurer (Draconian Conjurer)       Turns: 1631, Time: 00:01:50

Health: -4/26      AC:  5    Str: 10    XL:     3   Next: 98%
Magic:  4/7        EV: 12    Int: 16    God:
Gold:   74         SH:  0    Dex: 11    Spells: 1/7 levels left

rFire    . . .     SeeInvis .   d - +2 dagger (venom)
rCold    . . .     Gourm    .   (no shield)
rNeg     . . .     Faith    .   (armour unavailable)
rPois    .         Spirit   .   (helmet restricted)
rElec    .         Reflect  .   (no cloak)
rCorr    .         Harm     .   (no gloves)
MR       .....                  (no boots)
Stlth    ++........             (no amulet)
HPRegen  0.08/turn              (no ring)
MPRegen  0.10/turn              (no ring)

@: invisible
A: unfitting armour, cold-blooded, AC +5
a: no special abilities


You were on level 3 of the Dungeon.
You were not hungry.

You visited 1 branch of the dungeon, and saw 3 of its levels.

You collected 74 gold pieces.

Inventory:

Hand Weapons
 d - a +2 dagger of venom (weapon)
Scrolls
 e - 2 scrolls of identify {unknown}
 i - a scroll of magic mapping {unknown}
 k - a scroll of remove curse
 m - 2 scrolls of noise
 n - a scroll of random uselessness {unknown}
 o - a scroll of enchant weapon {unknown}
Potions
 c - a potion of mutation {unknown}
 f - 2 potions of cancellation
 g - a potion of agility {unknown}
 h - a potion of curing {unknown}
 l - a potion of magic {unknown}
 p - a potion of haste {unknown}
Comestibles
 b - 3 rations


   Skills:
 + Level 2.6 Dodging
 - Level 1.7 Stealth
 + Level 2.8 Spellcasting
 + Level 4.5 Conjurations


You had one spell level left.
You knew the following spells:

 Your Spells              Type           Power        Failure   Level  Hunger
a - Magic Dart            Conj           ###.         3%          1    #......
b - Searing Ray           Conj           ###...       4%          2    ##.....
c - Dazzling Spray        Conj/Hex       #.....       22%         3    ###....

Your spell library contained the following spells:

 Spells                   Type           Power        Failure   Level  Hunger
 Iskenderun's Mystic Bla  Conj           ###.....     28%         4    #####..
 Force Lance              Conj/Tloc      #.......     58%         4    #####..
 Fulminant Prism          Conj/Hex       #.........   58%         4    #####..


Dungeon Overview and Level Annotations

Branches:
Dungeon (3/15)

Altars:
Kikubaaqudgha

Annotations:
D:3 Grinder


Innate Abilities, Weirdness & Mutations

Your plain brown scales are hard. (AC +5)
You cannot fit into any form of body armour.
You are cold-blooded and may be slowed by cold attacks.


Message History

Grinder is moderately wounded.
Grinder gestures at you.
You suddenly lose the ability to move!
Grinder barely misses you. Grinder hits you. Grinder gestures at you.
Pain shoots through your body! Grinder hits you.
* * * LOW HITPOINT WARNING * * *
You writhe in agony.
* * * LOW HITPOINT WARNING * * *
You can move again.
Unknown command.
It was a potion of cancellation.
You feel magically purged. Grinder closely misses you.
It was a potion of invisibility.
You fade into invisibility!
Grinder gestures at you. Pain shoots through your body!
You die...

#### .......
....... ........
..# .!......###.#
........5.#.#
.......##@#.#
........#.#.#
........#.#.#
.....$....#.#####
......#.#.......#
......#...#.###.#
..... #####.# #.#
..... #.# #.#
#### #.# #.#


You could see Grinder.

Vanquished Creatures
  A worker ant (D:2)
  An adder (D:2)
  4 leopard geckos
  A ball python (D:1)
  5 giant cockroaches
  3 hobgoblins
  A quokka (D:2)
  4 bats
  2 frilled lizards
  A goblin (D:1)
  3 kobolds
  4 rats
30 creatures vanquished.

Notes
Turn   | Place    | Note
-------+----------+-------------------------------------------
     0 | D:1      | Mesmaeker13 the Draconian Conjurer began the quest for the
                  | Orb.
     0 | D:1      | Reached XP level 1. HP: 14/14 MP: 3/3
   342 | D:1      | Reached XP level 2. HP: 20/20 MP: 1/5
   809 | D:2      | Learned a level 2 spell: Searing Ray
   831 | D:2      | Found an ancient bone altar of Kikubaaqudgha.
   927 | D:2      | Reached XP level 3. HP: 26/26 MP: 4/6
  1597 | D:3      | Learned a level 3 spell: Dazzling Spray
  1613 | D:3      | Noticed Grinder
  1624 | D:3      | Paralysed by Grinder for 6 turns
  1631 | D:3      | Killed from afar by Grinder

Levels and vault maps discovered:
D:1:      scummos_arrival_checkerplants, layout_basic, st_stairs_8
D:2:      layout_loops_ring, lemuel_doored_altar, first_ration
D:3:      layout_basic, minmay_goblin_outpost, uniq_grinder

Skill      XL: |  1 |
---------------+----+-----
Dodging        | 2 |  2.6
Stealth        | |  1.7
Spellcasting   | |  2.8
Conjurations   | |  4.5

Action                   || total
-------------------------++-------
Melee: Dagger            ||    48
       Tailslap          ||     6
 Cast: Magic Dart        ||    12
       Searing Ray       ||     2
  Use: Scroll            ||     2
       Potion            ||     2
 Stab: Sleeping          ||     4
  Eat: Chunk             ||     2
Armor: Skin              ||    26
Dodge: Dodged            ||    35
